 Dungeon Crawl Stone Soup version 0.23-a0-612-gcb482e9 (webtiles) character file.

140 Firecrotchwizard the Cudgeler (level 5, 0/32 HPs)
             Began as a Gargoyle Gladiator on Dec 22, 2018.
             Slain by Grinder (1 damage)
             ... on level 4 of the Dungeon.
             The game lasted 00:05:38 (2445 turns).

Firecrotchwizard the Cudgeler (Gargoyle Gladiator)  Turns: 2445, Time: 00:05:39

Health: 0/32       AC: 10    Str: 18    XL:     5   Next: 22%
Magic:  5/5        EV: 12    Int:  9    God:
Gold:   115        SH:  0    Dex: 11    Spells: 4/4 levels left

rFire    . . .     SeeInvis .   a - +0 flail
rCold    . . .     Gourm    .   (no shield)
rNeg     + . .     Faith    .   m - +0 ring mail (curse)
rPois    ∞         Spirit   .   c - +0 helmet
rElec    +         Reflect  .   (no cloak)
rCorr    .         Harm     .   (no gloves)
MR       .....                  (no boots)
Stlth    +.........             (no amulet)
HPRegen  0.10/turn              (no ring)
MPRegen  0.09/turn              (no ring)

@: no status effects
A: negative energy resistance 1, electricity resistance, unbreathing,
petrification resistance, rot immunity, AC +4
a: no special abilities


You were on level 4 of the Dungeon.
You were not hungry.

You visited 1 branch of the dungeon, and saw 4 of its levels.

You collected 115 gold pieces.

Inventory:

Hand Weapons
 a - a +0 flail (weapon)
Missiles
 d - 3 throwing nets {=f, !d}
 k - a javelin (quivered)
Armour
 c - a +0 helmet (worn)
 m - a cursed +0 ring mail (worn)
   (You found it on level 2 of the Dungeon)
Scrolls
 b - a scroll of enchant weapon {unknown}
 e - 7 scrolls of identify {unknown}
 h - 3 scrolls of teleportation {unknown}
 l - a scroll of enchant armour {unknown}
 n - a scroll of immolation {unknown}
 o - a scroll of amnesia {unknown}
Potions
 i - a potion of degeneration {unknown}
 j - 2 potions of agility {unknown}
Comestibles
 f - 7 rations
 g - 5 chunks of flesh {@w0}


   Skills:
 + Level 3.3 Fighting
 * Level 4.6 Maces & Flails
 - Level 1.7 Throwing
 + Level 3.1 Dodging


You had 4 spell levels left.
You didn't know any spells.
Your spell library was empty.

Dungeon Overview and Level Annotations

Branches:
Dungeon (4/15)
 Temple: D:4-7

Altars:
The Shining One

Annotations:
D:4 Grinder


Innate Abilities, Weirdness & Mutations

You are resistant to torment.
Your stone body is resilient. (AC +4)
You are immune to poison.
You resist negative energy. (rN+)
You are resistant to electric shocks. (rElec)
You can survive without breathing.
You are immune to petrification.
You are immune to rotting.


Message History

You start resting.
Health restored: 32
Things that are here:
a +0 leather armour; a +0 club
Things that are here:
a +0 falchion; an orc skeleton
Things that are here:
a +0 ring mail; an orc skeleton You see here 22 stones.
There is an escape hatch in the ceiling here.
A mysterious force pulls you upwards. The hatch slams shut behind you.
Level annotation: Grinder The gnoll shouts! x2
Grinder gestures at you. You resist with significant effort.
You hit the gnoll but do no damage. The gnoll barely misses you. x2
You sock Grinder! Grinder hits you but does no damage.
The gnoll barely misses you. The gnoll hits you with a +0 club.
You take 1 damage, and have 31/32 hp.
You hit Grinder. The gnoll closely misses you.
Grinder blinks!
The gnoll closely misses you. x2
Grinder says, "There's only one good use for a tongue: cutting it out."
The gnoll completely misses you.
Grinder says, "You look like you could use a good racking."
Grinder gestures at you. Pain shoots through your body!
You take 4 damage, and have 27/32 hp.
Grinder blinks!
The gnoll closely misses you.
There is a stone staircase leading down here.
You sock the gnoll! The gnoll hits you with a +0 whip.
You take 5 damage, and have 23/32 hp.
You barely miss the gnoll. The gnoll misses you.
The gnoll hits you with a +0 whip.
You take 3 damage, and have 20/32 hp.
You are too injured to fight recklessly!
You can't go up here!
The gnoll misses you. Grinder closely misses you.
You climb downwards.
There is a stone staircase leading up here.
You hit Grinder but do no damage. Grinder hits you but does no damage.
You hit Grinder but do no damage. Grinder closely misses you.
You barely miss Grinder. Grinder closely misses you. x2
You barely miss Grinder. Grinder gestures at you.
You are unaffected.
You hit Grinder. Grinder hits you but does no damage.
You completely miss Grinder. Grinder hits you but does no damage.
You closely miss Grinder. Grinder gestures at you.
You resist with significant effort.
Some of the chunks of flesh in your inventory have rotted away.
You barely miss Grinder.
Grinder says, "DUCK!"
Grinder hits you but does no damage.
You closely miss Grinder. Grinder hits you but does no damage.
You thump Grinder! Grinder barely misses you.
Grinder drinks a potion.
Grinder is healed!
You hit Grinder but do no damage.
Grinder says, "Mostly I couldn't keep them alive."
Grinder barely misses you.
You hit Grinder but do no damage. Grinder hits you.
You take 3 damage, and have 19/32 hp.
You thump Grinder! Grinder hits you.
You writhe in agony.
You take 3 damage, and have 16/32 hp.
You barely miss Grinder. Grinder gestures at you.
Pain shoots through your body!
You take 2 damage, and have 14/32 hp.
You hit Grinder. Grinder closely misses you.
You hit Grinder but do no damage. Grinder hits you but does no damage.
You barely miss Grinder.
Grinder blinks!
Grinder gestures at you.
You suddenly lose the ability to move!
Grinder hits you but does no damage.
You can move again.
Unknown command.
You sock Grinder! Grinder gestures at you. Pain shoots through your body!
You take 5 damage, and have 10/32 hp.
You hit Grinder but do no damage. Grinder gestures at you.
You suddenly lose the ability to move!
Grinder hits you but does no damage. x2
Grinder blinks!
Grinder gestures at you.
You shrug off the repeated paralysis!
Grinder gestures at you. Pain shoots through your body!
* * * LOW HITPOINT WARNING * * *
You can move again.
You take 3 damage, and have 7/32 hp.
Grinder blinks!
Things that are here:
a +0 falchion; an orc skeleton You barely miss Grinder.
Grinder hits you!
* * * LOW HITPOINT WARNING * * *
You writhe in agony.
You die...

.# ############# .#
............. ..
.#.########..... ###.
.#.##........... ...
♣................ #.♣
♣♣♣.#.##.##...#...#
#..♣♣...#.##.###.##...#
#.....5.#.##.# #.##....
#.....@.#.##.###.##.###
#..[[...#.....##.##.##
#.##.##<)..#.....##.#...##
.>.........[........(.....
####.##.####.....##..#####
# #... #.....##..# >.....
#.##.###....
#...................# #
#..#..........#.....#


You could see Grinder.

Vanquished Creatures
  An orc priest (D:4)
  4 adders (D:2)
  3 worms
  3 dart slugs
  2 leopard geckos
  5 orcs
  2 giant cockroaches
  7 goblins
  7 hobgoblins
  10 bats
  7 frilled lizards
  A jackal skeleton (D:4)
  2 kobolds (D:2)
  6 rats
60 creatures vanquished.

Notes
Turn   | Place    | Note
-------+----------+-------------------------------------------
     0 | D:1      | Firecrotchwizard the Gargoyle Gladiator began the quest for
                  | the Orb.
     0 | D:1      | Reached XP level 1. HP: 12/12 MP: 1/1
   221 | D:1      | Reached XP level 2. HP: 18/18 MP: 2/2
   761 | D:1      | Found a glowing golden altar of the Shining One.
   997 | D:2      | Reached XP level 3. HP: 14/22 MP: 3/3
  1344 | D:2      | Reached skill level 4 in Maces & Flails
  1420 | D:2      | Reached skill level 3 in Fighting
  1420 | D:2      | Reached XP level 4. HP: 27/28 MP: 4/4
  1725 | D:2      | Reached skill level 3 in Dodging
  1982 | D:3      | Noticed Grinder
  1986 | D:3      | Paralysed by Grinder for 7 turns
  2273 | D:4      | Reached XP level 5. HP: 22/32 MP: 5/5
  2432 | D:4      | Paralysed by Grinder for 2 turns
  2435 | D:4      | Paralysed by Grinder for 6 turns
  2440 | D:4      | HP: 7/32 [Grinder/nerve-wracking pain (3)]
  2445 | D:4      | HP: 1/32 [Grinder (7)]
  2445 | D:4      | Slain by Grinder

Vault maps used:
D:1:      eino_arrival_cavern_a, minmay_strange_pillars, tso_altar
D:2:      hex_medium
D:3:      regret_index_temple_of_mockery, uniq_grinder
D:4:      first_ration, grunt_decor_mini_mirrors, minivault_4, nrook_campfire,
          hangedman_decor_peaks_small, uniq_menkaure

Skill      XL: |  1  2  3  4 |
---------------+-------------+-----
Maces & Flails | 4 |  4.6
Fighting       | 3 |  3.3
Dodging        | 3 |  3.1
Throwing       | |  1.7

Action                   |  1- 3 |  4- 6 || total
-------------------------+-------+-------++-------
Melee: Flail             |    98 |   100 ||   198
Throw: Javelin           |    17 |     9 ||    26
  Eat: Chunk             |     2 |     3 ||     5
Armor: Leather armour    |    19 |       ||    19
       Ring mail         |    16 |    45 ||    61
Dodge: Dodged            |    63 |    85 ||   148

Table legend:
 A = Non-vault XP
 B = Vault XP
 C = Vault XP percentage of total XP
 D = Non-vault monster count
 E = Vault monster count
 F = Vault count percentage of total count
                 A         B        C        D         E       F
            +---------+---------+-------+---------+---------+-------
      Total |     200 |       0 |   0.0 |      60 |       0 |   0.0
            +---------+---------+-------+---------+---------+-------
        D:1 |      26 |       0 |   0.0 |      15 |       0 |   0.0
        D:2 |     101 |       0 |   0.0 |      29 |       0 |   0.0
        D:3 |      14 |       0 |   0.0 |       8 |       0 |   0.0
        D:4 |      59 |       0 |   0.0 |       8 |       0 |   0.0
            +---------+---------+-------+---------+---------+-------

Vault maps used:
D:1:      eino_arrival_cavern_a, minmay_strange_pillars, tso_altar
D:2:      hex_medium
D:3:      regret_index_temple_of_mockery, uniq_grinder
D:4:      first_ration, grunt_decor_mini_mirrors, minivault_4, nrook_campfire,
          hangedman_decor_peaks_small, uniq_menkaure

Table legend:
 A = Turns spent in this place as a percentage of turns spent in the entire game.
 B = Non-inter-level travel turns spent in this place as a percentage of non-inter-level travel turns spent in the entire game.
 C = Inter-level travel turns spent in this place as a percentage of turns spent in this place.
 D = Turns resting spent in this place as a percentage of non-inter-level travel turns spent in this place.
 E = Turns spent auto-exploring this place as a percentage of non-inter-level travel turns spent in this place.
 F = Non-inter-level travel turns spent in this place divided by the number of levels of this place that you've seen.
                   A       B       C       D       E      F
               +-------+-------+-------+-------+-------+----------------------
         Total | 100.0 | 100.0 |   6.1 |  26.6 |  52.1 | 574.2
       Dungeon | 100.0 | 100.0 |   6.1 |  26.6 |  52.1 | 574.2
               +-------+-------+-------+-------+-------+----------------------

Table legend:
 A = Kills in this place as a percentage of kills in entire the game.
 B = Kills by you in this place as a percentage of kills by you in the entire game.
 C = Kills by friends in this place as a percentage of kills by friends in the entire game.
 D = Other kills in this place as a percentage of other kills in the entire game.
 E = Experience gained in this place as a percentage of experience gained in the entire game.
 F = Experience gained in this place divided by the number of levels of this place that you have seen.
                   A       B       C       D       E      F
               +-------+-------+-------+-------+-------+----------------------
         Total | 100.0 | 100.0 |   N/A |   N/A | 100.0 |  50.0
       Dungeon | 100.0 | 100.0 |   N/A |   N/A | 100.0 |  50.0
               +-------+-------+-------+-------+-------+----------------------
